 Dungeon Crawl Stone Soup version 0.31-a0-234-gad7ace16ef (webtiles) character file.

Game seed: 10883376557614121088

168 qw the Shooter (level 5, -8/31 HPs)
             Began as a Gargoyle Hexslinger on July 9, 2023.
             Shot with an arrow by a centaur (11 damage)
             ... on level 4 of the Dungeon.
             The game lasted 00:01:08 (2099 turns).

qw the Shooter (Gargoyle Hexslinger)                Turns: 2099, Time: 00:01:08

Health: -8/31      AC: 11    Str: 10 (11) XL:     5   Next: 48%
Magic:  6/6        EV: 10    Int: 14      God:
Gold:   176        SH:  0    Dex: 13 (14) Spells: 5/6 levels left

rFire   . . .        Y - +1 sling
rCold   + . .        (no shield)
rNeg    + . .        a - +0 ring mail
rPois   inf          (no helmet)
rElec   +            (no cloak)
rCorr   .            (no gloves)
SInv    .            h - +1 pair of boots {Stlth+}
Will    .....        (no amulet)
Stlth   ++           e - ring of protection from cold
HPRegen 0.25/turn    (no ring)
MPRegen 0.10/turn

%: no passive effects
@: no status effects
A: sickness immunity, AC +4, negative energy resistance 1, electricity
resistance, torment resistance 1, petrification resistance
a: no special abilities


You were on level 4 of the Dungeon.
You visited 1 branch of the dungeon, and saw 4 of its levels.

You collected 176 gold pieces.


Innate Abilities, Weirdness & Mutations

You are immune to sickness and miasma.
Your stone body is resilient. (AC +4)
You are immune to poison.
You resist negative energy. (rN+)
You are resistant to electric shocks. (rElec)
You are resistant to unholy torment.
You are immune to petrification.


   Skills:
 + Level 2.3 Fighting
 - Level 5.0 Ranged Weapons
 - Level 1.0 Armour
 - Level 1.5 Dodging
 - Level 1.0 Spellcasting
 - Level 2.6 Hexes


You had 5 spell levels left.
You knew the following spells:

 Your Spells              Type           Power      Damage    Failure   Level
a - Slow                  Hex            32%        N/A       22%         1

Your spell library contained the following spells:

 Spells                   Type           Power      Damage    Failure   Level
 Inner Flame              Hex/Fire       4%         N/A       75%         3
 Portal Projectile        Hex/Tloc       8%         N/A       75%         3
 Cause Fear               Hex            4%         N/A       91%         4

Inventory:

Hand Weapons
 Y - a +1 sling (weapon)
Armour
 a - a +0 ring mail (worn)
 h - a +1 pair of boots of stealth (worn)
Jewellery
 e - a ring of protection from cold (left hand)
Scrolls
 f - a scroll of identify
Potions
 b - a potion of magic {unknown}
 c - a potion of cancellation
 d - a potion of lignification {unknown}
 g - 2 potions of curing

Dungeon Overview and Level Annotations

Branches:
Dungeon (4/15)
 Temple: D:4-7

Altars:

Shops:
D:3 (


Message History

g - 2 potions of curing (gained 1)
Found a stone staircase leading down.
Enter note: You now have 176 gold pieces (gained 6).
A centaur comes into view.
The centaur shouts!
The centaur wields a +0 shortbow.
The centaur shoots an arrow.
The arrow hits you.
Enter note: You shoot a sling bullet.
The sling bullet hits the centaur but does no damage.
The centaur shoots an arrow.
The arrow hits you.
The centaur shoots an arrow.
The arrow hits you.
You shoot a sling bullet.
The sling bullet hits the centaur but does no damage.
The centaur shoots an arrow.
The arrow hits you.
The centaur shoots an arrow.
The arrow misses you.
You shoot a sling bullet. The sling bullet hits the centaur.
The centaur is lightly wounded.
You shoot a sling bullet. The sling bullet hits the centaur.
The centaur is moderately wounded.
The centaur shoots an arrow.
The arrow barely misses you.
The centaur shoots an arrow.
The arrow hits you but does no damage.
You shoot a sling bullet. The sling bullet hits the centaur.
The centaur is heavily wounded.
The centaur shoots an arrow.
The arrow hits you.
The centaur shoots an arrow.
The arrow hits you.
You shoot a sling bullet.
The sling bullet barely misses the centaur.
The centaur shoots an arrow.
The arrow hits you.
The centaur shoots an arrow.
The arrow hits you.
You shoot a sling bullet.
The sling bullet barely misses the centaur.
The centaur shoots an arrow.
The arrow hits you.
The centaur shoots an arrow.
The arrow barely misses you.
You shoot a sling bullet.
The sling bullet barely misses the centaur.
The centaur shoots an arrow.
The arrow barely misses you.
The centaur shoots an arrow.
The arrow hits you!
You die...

#................#
#..............##
#.............##
##.....(......##
####...........###
###.............##
....####.....#..##
##..# ########..#
#..# #.@# ##.##
#..# #..# ##.#
#..# #.. #..##
#..# #...### #.c#
##.....## ....
#.......## ....
#........#


You could see a centaur.

Vanquished Creatures
  An orc priest (D:3)
  5 adders
  A worm (D:2)
  2 dart slugs (D:1)
  8 orcs
  5 ball pythons
  6 endoplasms
  2 giant cockroaches
  4 goblins
  9 hobgoblins
  13 jackals
  A quokka (D:3)
  5 bats
  4 frilled lizards
  3 kobolds (D:3)
  4 rats (D:1)
73 creatures vanquished.

Notes
Turn   | Place    | Note
-------+----------+-------------------------------------------
     0 | D:1      | qw the Gargoyle Hexslinger began the quest for the Orb.
     0 | D:1      | Reached XP level 1. HP: 12/12 MP: 2/2
     0 | D:1      | 0 ||| qw: Version: 0.3-a-51-g015441d
     0 | D:1      | 0 ||| qw: Game counter: 4262
     0 | D:1      | 0 ||| qw: Melee chars always use a shield: true
     0 | D:1      | 0 ||| qw: God list: Okawaru
     0 | D:1      | 0 ||| qw: Allow faded altars: false
     0 | D:1      | 0 ||| qw: Do Orc after clearing Dungeon:15 true
     0 | D:1      | 0 ||| qw: Do second Lair branch before Depths: true
     0 | D:1      | 0 ||| qw: Lair rune preference: random
     0 | D:1      | 0 ||| qw: Goals: Normal
     0 | D:1      | 0 ||| PLANNING D:1-11
    31 | D:1      | 31 ||| FLEEEEING.
    32 | D:1      | 32 ||| FLEEEEING.
    33 | D:1      | 33 ||| FLEEEEING.
    34 | D:1      | 34 ||| FLEEEEING.
    41 | D:1      | Reached XP level 2. HP: 16/16 MP: 3/3
   149 | D:1      | Found a faded altar of an unknown god.
   175 | D:1      | Reached skill level 3 in Ranged Weapons
   328 | D:1      | Reached XP level 3. HP: 16/21 MP: 4/4
   631 | D:1      | 631 ||| UPGRADING to +0 leather armour.
   641 | D:1      | 641 ||| DROPPING +0 robe.
   642 | D:1      | 642 ||| READING scroll labelled POTIMI OCUJO.
   646 | D:1      | 646 ||| READING scroll labelled JEHOEM CEUL.
   647 | D:1      | 647 ||| READING 4 scrolls labelled BELICL XONGIB.
   648 | D:1      | 648 ||| READING 2 scrolls labelled GUIRIZXY XOOSA.
   649 | D:1      | 649 ||| READING scroll labelled GAIZXI XIXISAE.
   650 | D:1      | 650 ||| READING 3 scrolls of identify.
   650 | D:1      | 650 ||| IDENTIFYING fizzy ruby potion
   651 | D:1      | 651 ||| DROPPING scroll of poison.
   652 | D:1      | 652 ||| DROPPING scroll of fear.
   934 | D:2      | Reached skill level 4 in Ranged Weapons
   934 | D:2      | Reached XP level 4. HP: 25/26 MP: 5/5
  1185 | D:2      | 1185 ||| UPGRADING to +0 ring mail.
  1195 | D:2      | 1195 ||| UPGRADING to +0 pair of boots.
  1200 | D:2      | 1200 ||| UPGRADING to +1 pair of boots of stealth.
  1210 | D:2      | 1210 ||| DROPPING +0 pair of boots.
  1211 | D:2      | 1211 ||| DROPPING +0 leather armour.
  1212 | D:2      | 1212 ||| UPGRADING to ring of protection from cold.
  1213 | D:2      | 1213 ||| DRINKING 2 metallic puce potions.
  1214 | D:2      | 1214 ||| READING 3 scrolls of identify.
  1214 | D:2      | 1214 ||| IDENTIFYING yellow potion
  1215 | D:2      | 1215 ||| DROPPING potion of degeneration.
  1242 | D:3      | Reached skill level 1 in Armour
  1284 | D:3      | Found Lagga's Weapon Emporium.
  1299 | D:3      | 1299 ||| READING 2 scrolls of identify.
  1299 | D:3      | 1299 ||| IDENTIFYING ruby potion
  1328 | D:3      | HP: 3/26 [orc priest/+0 trident (5)]
  1329 | D:3      | 1329 ||| READING scroll of teleportation.
  1330 | D:3      | 1330 ||| DRINKING potion of heal wounds.
  1347 | D:3      | 1347 ||| FLEEEEING.
  1348 | D:3      | 1348 ||| FLEEEEING.
  1349 | D:3      | 1349 ||| FLEEEEING.
  1350 | D:3      | 1350 ||| STAIRDANCE
  1378 | D:3      | 1378 ||| STAIRDANCE
  1382 | D:2      | HP: 6/26 [orc/+0 hand axe (5)]
  1385 | D:2      | Reached XP level 5. HP: 5/30 MP: 6/6
  1496 | D:3      | 1496 ||| STAIRDANCE
  1555 | D:3      | HP: 4/30 [orc priest/+0 trident (6)]
  1557 | D:3      | Reached skill level 5 in Ranged Weapons
  1953 | D:3      | 1953 ||| READING scroll labelled XOESTU OLEOT.
  1976 | D:3      | 1976 ||| DRINKING 3 metallic silvery potions.
  1977 | D:3      | 1977 ||| DROPPING 2 potions of brilliance.
  2091 | D:4      | Noticed a centaur
  2097 | D:4      | HP: 5/31 [centaur/arrow (4)]
  2099 | D:4      | Shot with an arrow by a centaur

Levels and vault maps discovered:
D:1:      heliophobic_arrival_battle_scene, layout_basic,
          hellmonk_ecumenical_altar_slurped_away
D:2:      layout_rooms
D:3:      layout_rooms, serial_shops, shop
D:4:      layout_cave_pods

Skill      XL: |  1  2  3  4  5 |
---------------+----------------+-----
Ranged Weapons | 3 4 5 |  5.0
Fighting       | 2 |  2.3
Armour         | 1 |  1.0
Dodging        | |  1.5
Spellcasting   | |  1.0
Hexes          | |  2.6

Action                     |  1- 3 |  4- 6 || total
---------------------------+-------+-------++-------
   Fire: Sling             |   165 |   113 ||   278
    Use: Scroll            |     6 |     4 ||    10
         Potion            |       |     3 ||     3
 Armour: Robe              |    26 |       ||    26
         Leather armour    |    27 |     2 ||    29
         Ring mail         |       |    41 ||    41
  Dodge: Dodged            |    99 |    49 ||   148

Table legend:
 A = Non-vault XP
 B = Vault XP
 C = Vault XP percentage of total XP
 D = Non-vault monster count
 E = Vault monster count
 F = Vault count percentage of total count
                 A         B        C        D         E       F
            +---------+---------+-------+---------+---------+-------
      Total |     238 |       2 |   0.8 |      72 |       1 |   1.4
            +---------+---------+-------+---------+---------+-------
        D:1 |      50 |       2 |   3.8 |      28 |       1 |   3.4
        D:2 |      60 |       0 |   0.0 |      22 |       0 |   0.0
        D:3 |     128 |       0 |   0.0 |      22 |       0 |   0.0
            +---------+---------+-------+---------+---------+-------
